 Dungeon Crawl Stone Soup version 0.22-a0-91-g23542c2 (webtiles) character file.

50 GrunderHorse the Charmwright (level 3, -3/31 HPs)
             Began as a Gnoll Skald on Jan 23, 2018.
             Slain by Grinder (5 damage)
             ... while paralysed by Grinder
             ... on level 2 of the Dungeon.
             The game lasted 00:05:27 (1966 turns).

GrunderHorse the Charmwright (Gnoll Skald)          Turns: 1966, Time: 00:05:28

Health: -3/31      AC: 11    Str: 13    XL:     3   Next: 79%
Magic:  9/9        EV:  2    Int: 15    God:
Gold:   145        SH:  0    Dex: 15    Spells: 11/12 levels left

rFire    . . .     SeeInvis .   a - +0 falchion
rCold    . . .     Gourm    .   (no shield)
rNeg     . . .     Faith    .   m - +0 plate armour
rPois    .         Spirit   .   (no helmet)
rElec    .         Reflect  .   (no cloak)
rCorr    .         Harm     .   (no gloves)
MR       .....                  (no boots)
Stlth    ..........             (no amulet)
HPRegen  0.10/turn              f - -6 ring of evasion (curse)
MPRegen  0.11/turn              (no ring)

@: paralysed
A: distributed training, fangs 1, strong nose
a: no special abilities


You were on level 2 of the Dungeon.
You were not hungry.

You visited 1 branch of the dungeon, and saw 3 of its levels.

You collected 145 gold pieces.

Inventory:

Hand Weapons
 a - a +0 falchion (weapon)
 g - a +0 hunting sling
Armour
 b - a +0 leather armour
 j - a +0 leather armour
 m - a +0 plate armour (worn)
Jewellery
 f - a cursed -6 ring of evasion (left hand)
Wands
 r - a wand of paralysis (10)
Scrolls
 e - 2 scrolls of remove curse {unknown}
 h - 3 scrolls of identify {unknown}
 k - a scroll of fog {unknown}
 l - a scroll of amnesia {unknown}
 n - a scroll of teleportation
 p - a scroll of noise {unknown}
 s - a scroll of fear {unknown}
Potions
 i - 2 potions of heal wounds
 o - a potion of resistance {unknown}
 q - 2 potions of curing {unknown}
 w - a potion of lignification {unknown}
Books
 c - a book of Battle

   Spells                             Type                      Level
   a - Infusion                       Charms                       1
   b - Shroud of Golubria             Charms/Translocation         2
   c - Song of Slaying                Charms                       2
   d - Spectral Weapon                Hexes/Charms                 3
   e - Regeneration                   Charms/Necromancy            3
 t - a book of Cantrips

   Spells                             Type                      Level
   a - Confusing Touch                Hexes                        1
   b - Animate Skeleton               Necromancy                   1
   c - Summon Small Mammal            Summoning                    1
   d - Apportation                    Translocation                1
 u - a book of Minor Magic

   Spells                             Type                      Level
   a - Magic Dart                     Conjuration                  1
   b - Blink                          Translocation                2
   c - Call Imp                       Summoning                    2
   d - Slow                           Hexes                        2
   e - Conjure Flame                  Conjuration/Fire             3
   f - Mephitic Cloud                 Conjuration/Poison/Air       3
Comestibles
 d - 5 rations
 v - 2 chunks of flesh


   Skills:
 + Level 4.5 Fighting
 + Level 0.9 Short Blades
 + Level 4.5 Long Blades
 + Level 0.9 Axes
 + Level 0.9 Maces & Flails
 + Level 0.9 Polearms
 + Level 0.9 Staves
 + Level 0.9 Slings
 + Level 0.9 Bows
 + Level 0.9 Crossbows
 + Level 0.9 Throwing
 + Level 2.6 Armour
 + Level 4.5 Dodging
 + Level 0.9 Stealth
 + Level 0.9 Shields
 + Level 0.9 Unarmed Combat
 + Level 5.0 Spellcasting
 + Level 0.6 Conjurations
 + Level 0.6 Hexes
 + Level 5.4 Charms
 + Level 0.6 Summonings
 + Level 0.6 Necromancy
 + Level 0.6 Translocations
 + Level 0.6 Transmutations
 + Level 0.6 Fire Magic
 + Level 0.6 Ice Magic
 + Level 0.6 Air Magic
 + Level 0.6 Earth Magic
 + Level 0.6 Poison Magic
 + Level 1.0 Invocations
 + Level 0.9 Evocations


You had 11 spell levels left.
You knew the following spells:

 Your Spells              Type           Power        Failure   Level  Hunger
a - Infusion              Chrm           ###.         94%         1    None


Dungeon Overview and Level Annotations

Branches:
Dungeon (3/15)

Altars:
The Shining One

Annotations:
D:2 Grinder


Innate Abilities, Weirdness & Mutations

Your experience applies equally to all skills.
You have very sharp teeth.
Your uncanny sense of smell can sniff out nearby items.


Message History

* * * LOW HITPOINT WARNING * * *
You writhe in agony.
* * * LOW HITPOINT WARNING * * *
Some of the chunks of flesh in your inventory have rotted away.
You hit Grinder.
Grinder is heavily wounded.
Grinder hits you but does no damage.
Your plate armour prevents you from hitting Grinder.
Grinder is heavily wounded.
Grinder hits you but does no damage.
You hit Grinder.
Grinder is severely wounded.
Grinder gestures at you.
You suddenly lose the ability to move!
Grinder gestures at you. You resist with significant effort. Grinder hits you.
* * * LOW HITPOINT WARNING * * *
You writhe in agony.
You die...

#.♣.♣.♣#♣.#.# #.........
#.).......#.# #.........
########.♣.♣.♣#♣.#.#
#.........
#.............#..#.#
##........
##.#####......#..#.#
#........ #.#
#......#..#.######........
#.#
#...>..#..#.#.............
#.#
#......#.5#.#(......######
#.# #......#.@#.#.......#
#.# #......#..#.#.......#
#.# ######.#..#.#.......#
#.# #.#..#.#.......# ####
#.# #.#..#.#..>....###...
#.# #.#..#.#.............
#.#
###.#..>.............#.
#.#
#....#)♣♣♣♣♣♣♣♣♣######.
#.#
#.#..#...............#.


You could see Grinder.

Vanquished Creatures
  A dart slug (D:1)
  A leopard gecko (D:1)
  An orc (D:2)
  4 bats
  8 giant cockroaches
  5 hobgoblins (D:1)
  3 jackals (D:2)
  A ball python (D:1)
  3 frilled lizards
  4 goblins
  3 kobolds
  9 rats
43 creatures vanquished.

Notes
Turn   | Place    | Note
-------+----------+-------------------------------------------
     0 | D:1      | GrunderHorse the Gnoll Skald began the quest for the Orb.
     0 | D:1      | Reached XP level 1. HP: 20/20 MP: 6/6
   114 | D:1      | Reached XP level 2. HP: 20/26 MP: 7/7
   333 | D:1      | Reached XP level 3. HP: 31/31 MP: 9/9
   365 | D:1      | Reached skill level 5 in Spellcasting
   700 | D:1      | You fall through a shaft!
   734 | D:2      | Found a glowing golden altar of the Shining One.
   982 | D:2      | Reached skill level 1 in Invocations
  1914 | D:3      | Noticed Grinder
  1950 | D:2      | Paralysed by Grinder for 5 turns
  1964 | D:2      | Paralysed by Grinder for 4 turns
  1966 | D:2      | Slain by Grinder

Vault maps used:
D:1:      onia_arrival_larder, minmay_pentomino_u4
D:2:      nicolae_overflow_crystal_walls, first_ration, serial_forest,
          infiniplex_forest_lined_3, infiniplex_forest_lined_2,
          infiniplex_forest_lined_corner, infiniplex_forest_straight_3,
          infiniplex_forest_end_1
D:3:      minmay_fountain_box, uniq_grinder

Skill      XL: |  1  2  3 |
---------------+----------+-----
Spellcasting   | 5 |  5.0
Invocations    | 1 |  1.0
Fighting       | |  4.5
Short Blades   | |  0.9
Long Blades    | |  4.5
Axes           | |  0.9
Maces & Flails | |  0.9
Polearms       | |  0.9
Staves         | |  0.9
Slings         | |  0.9
Bows           | |  0.9
Crossbows      | |  0.9
Throwing       | |  0.9
Armour         | |  2.6
Dodging        | |  4.5
Stealth        | |  0.9
Shields        | |  0.9
Unarmed Combat | |  0.9
Conjurations   | |  0.6
Hexes          | |  0.6
Charms         | |  5.4
Summonings     | |  0.6
Necromancy     | |  0.6
Translocations | |  0.6
Transmutations | |  0.6
Fire Magic     | |  0.6
Ice Magic      | |  0.6
Air Magic      | |  0.6
Earth Magic    | |  0.6
Poison Magic   | |  0.6
Evocations     | |  0.9

Action                   || total
-------------------------++-------
Melee: Falchion          ||   142
       Bite              ||    19
  Use: Scroll            ||     1
       Potion            ||     1
 Stab: Sleeping          ||     1
  Eat: Ration            ||     1
       Chunk             ||     1
Armor: Leather armour    ||    13
       Plate armour      ||   101
Dodge: Dodged            ||    67
       Rpst.: Falchion   ||    24

Table legend:
 A = Spawn XP
 B = Non-spawn XP
 C = Spawn XP percentage of total XP
 D = Spawn monster count
 E = Non-spawn monster count
 F = Spawn count percentage of total count
 G = Total turns spent on level
                    A         B        C        D         E        F      G
               +---------+---------+-------+---------+---------+-------+---------
         Total |       0 |      72 |   0.0 |       0 |      43 |   0.0 |  1966
               +---------+---------+-------+---------+---------+-------+---------
           D:1 |       0 |      49 |   0.0 |       0 |      30 |   0.0 |   700
           D:2 |       0 |      23 |   0.0 |       0 |      13 |   0.0 |  1247
               +---------+---------+-------+---------+---------+-------+---------
